 Dungeon Crawl Stone Soup version 0.28-a0-477-g0b43c73ce0 (webtiles) character file.

Game seed: 18179025064706362757

113 DungeonMaster the Covered (level 4, 0/34 HPs)
             Began as a Demonspawn Wanderer on Sept 17, 2021.
             Slain by a phantom (3 damage)
             ... on level 4 of the Dungeon.
             The game lasted 00:04:18 (3917 turns).

DungeonMaster the Covered (Demonspawn Wanderer)     Turns: 3917, Time: 00:04:19

Health: 0/34       AC:  5    Str: 18    XL:     4   Next: 65%
Magic:  7/7        EV: 11    Int: 14    God:
Gold:   105        SH:  0    Dex: 13    Spells: 7/7 levels left

rFire   . . .      SeeInvis .   q - +0 quarterstaff
rCold   . . .      Faith    .   (shield currently unavailable)
rNeg    . . .      Spirit   .   d - +0 ring mail
rPois   .          Reflect  .   (helmet restricted)
rElec   .          Harm     .   (no cloak)
rCorr   +          Rampage  .   (no gloves)
Will    .....                   (no boots)
Stlth   +.........              (no amulet)
HPRegen 0.11/turn               g - ring of resist corrosion
MPRegen 0.10/turn               i - +6 ring of strength

@: no status effects
A: horns 2
a: no special abilities


You were on level 4 of the Dungeon.
You visited 1 branch of the dungeon, and saw 4 of its levels.

You collected 105 gold pieces.

Inventory:

Hand Weapons
 a - a +2 dagger
 c - a +0 spear
 e - a +0 hand crossbow
 q - a +0 quarterstaff (weapon)
 w - a +0 hunting sling
Missiles
 j - 26 bolts
 k - 77 stones (quivered)
 m - 43 arrows
 n - 14 sling bullets
Armour
 d - a +0 ring mail (worn)
Jewellery
 f - a ring of fire
 g - a ring of resist corrosion (left hand)
 i - a +6 ring of strength (right hand)
Wands
 t - a wand of acid (5)
Scrolls
 h - a scroll of fog
 l - a scroll of enchant armour {unknown}
 o - a scroll of identify
 r - a scroll of blinking
Potions
 b - a potion of haste
 p - a potion of berserk rage
 s - a potion of curing


   Skills:
 * Level 2.7 Fighting
 * Level 2.8 Armour
 * Level 2.1 Dodging
 - Level 1.0 Stealth
 - Level 2.0 Spellcasting
 - Level 2.0 Conjurations
 - Level 1.0 Transmutations
 - Level 1.0 Evocations


You had 7 spell levels left.
You didn't know any spells.
Your spell library contained the following spells:

 Spells                   Type           Power      Damage    Failure   Level
 Slow                     Hex            1%         N/A       52%         2
 Conjure Flame            Conj/Fire      4%         6-21      63%         3
 Ignite Poison            Fire/Tmut/Pois 2%         N/A       73%         3
 Confusing Touch          Hex            1%         N/A       77%         3
 Vampiric Draining        Necr           0%         2d6       77%         3
 Sticky Flame             Conj/Fire      4%         2d3       95%         4


Dungeon Overview and Level Annotations

Branches:
Dungeon (4/15)
 Temple: D:4-7

Altars:
Kikubaaqudgha
Okawaru


Innate Abilities, Weirdness & Mutations

You have a pair of horns on your head.


Message History

The phantom hits you.
The phantom blinks!
You blink.
You miss the phantom. The phantom closely misses you.
You closely miss the phantom.
The phantom hits you but does no damage.
The phantom hits you.
You closely miss the phantom. The phantom hits you.
You hit the phantom.
The phantom is lightly damaged.
The phantom barely misses you.
You closely miss the phantom.
You headbutt the phantom, but do no damage.
The phantom is lightly damaged.
The phantom hits you.
You barely miss the phantom.
The phantom is lightly damaged.
The phantom hits you but does no damage.
The phantom hits you.
You barely miss the phantom. Your headbutt misses the phantom.
The phantom is lightly damaged.
The phantom hits you.
You closely miss the phantom.
The phantom is lightly damaged.
The phantom hits you but does no damage.
You hit the phantom. Your headbutt misses the phantom.
The phantom is moderately damaged.
The phantom hits you.
* * * LOW HITPOINT WARNING * * *
The phantom blinks!
You blink.
The phantom hits you.
* * * LOW HITPOINT WARNING * * *
The phantom blinks!
You blink.
You barely miss the phantom. Your headbutt misses the phantom.
The phantom is moderately damaged.
The phantom hits you but does no damage.
You barely miss the phantom.
The phantom is moderately damaged.
The phantom misses you.
You barely miss the phantom.
The phantom is moderately damaged.
The phantom hits you.
You die...

#.####.# +8 #.#
#.# #.####.#
#.#..#.# #.#..#.#
###.#.#..#.#
+........#.##
###.#.#.##..######
...#ยง#.W@........
... #.####....####
..... #.#
#...>.... ##.. #.#
#........ #.# ...
#........ #..
#........ #..#
#....#### #..#
#....# #...


You could see a phantom.

Vanquished Creatures
  A centaur skeleton (D:4)
  2 adders
  3 worms
  A dart slug (D:2)
  4 bats
  4 endoplasms
  A giant cockroach (D:2)
  9 hobgoblins
  2 jackals (D:2)
  A quokka (D:1)
  5 ball pythons
  4 frilled lizards
  3 goblins
  7 kobolds
  3 rats
50 creatures vanquished.

Notes
Turn   | Place    | Note
-------+----------+-------------------------------------------
     0 | D:1      | DungeonMaster the Demonspawn Wanderer began the quest for
                  | the Orb.
     0 | D:1      | DungeonMaster set off with the following items: a +2
                  | dagger, a potion of haste, a +0 spear, a +0 ring mail
     0 | D:1      | Reached XP level 1. HP: 15/15 MP: 3/3
   217 | D:1      | Gained mutation: You have a pair of small horns on your
                  | head. [demonic ancestry]
   217 | D:1      | Reached XP level 2. HP: 21/21 MP: 5/5
   265 | D:1      | Found a faded altar of an unknown god.
   485 | D:1      | Reached skill level 1 in Dodging
   942 | D:2      | Found an ancient bone altar of Kikubaaqudgha.
  1218 | D:2      | Gained mutation: You have a pair of horns on your head.
                  | [demonic ancestry]
  1218 | D:2      | Reached XP level 3. HP: 18/27 MP: 6/6
  3258 | D:3      | Found an iron altar of Okawaru.
  3535 | D:3      | Reached XP level 4. HP: 26/34 MP: 7/7
  3902 | D:4      | Noticed a phantom
  3917 | D:4      | Slain by a phantom

Illustrated notes

Levels and vault maps discovered:
D:1:      lightli_arrival_noodles, layout_basic, ebering_ecumenical_altar_hall
D:2:      layout_basic, serial_aquarium, aquarium_bridge_square
          [aquarium_subvault_bridge, aquarium_subvault_wall,
          aquarium_subvault_bridge, aquarium_subvault_wall],
          aquarium_bridge_long_joined [aquarium_subvault_wall,
          aquarium_subvault_bridge, aquarium_subvault_wall,
          aquarium_subvault_bridge, aquarium_subvault_bridge,
          aquarium_subvault_bridge], aquarium_window_1, aquarium_window_1,
          aquarium_view_2c, aquarium_pool_corner, basic_altar,
          minmay_heptomino_l4
D:3:      layout_loops_corners, mainiacjoe_overflow_alcove_4, nrook_mini_vaults
D:4:      kennysheep_the_goblin_king, layout_basic, jmf_multi_god_temple2

Skill      XL: |  1  2  3  4 |
---------------+-------------+-----
Armour         | 2 |  2.8
Dodging        | 1 2 |  2.1
Fighting       | 2 |  2.7
Stealth        | |  1.0
Spellcasting   | |  2.0
Conjurations   | |  2.0
Transmutations | |  1.0
Evocations     | |  1.0

Action                   |  1- 3 |  4- 6 || total
-------------------------+-------+-------++-------
Melee: Dagger            |   124 |    20 ||   144
       Headbutt          |    18 |     6 ||    24
       Quarterstaff      |       |    12 ||    12
  Use: Scroll            |     8 |       ||     8
       Potion            |     1 |       ||     1
Armor: Ring mail         |    38 |    16 ||    54
Dodge: Dodged            |    53 |    25 ||    78

Table legend: (Time is in decaauts)
 A = Elapsed time spent in this place.
 B = Non-inter-level travel time spent in this place.
 C = Inter-level travel time spent in this place.
 D = Time resting spent in this place.
 E = Time spent auto-exploring this place.
 F = Levels seen in this place.
 G = Mean time per level.
                   A        B        C        D        E       F      G
               +--------+--------+--------+--------+--------+-----+--------+
         Total |   3922 |   3778 |    144 |    536 |   2882 |   4 |  980.5 |
       Dungeon |   3922 |   3778 |    144 |    536 |   2882 |   4 |  980.5 |
               +--------+--------+--------+--------+--------+-----+--------+

Top non-repeatable levels by time:
     D:2: 1583 daAuts
     D:3: 1229 daAuts
     D:1: 908 daAuts
     D:4: 200 daAuts
